Map: Catalyst LE

Players

juhee - Winner!

  • Race: Terran Terran
  • League: Diamond
  • Spawn Location: 11:00

Ragnarokette

  • Race: Zerg Zerg
  • League: Platinum
  • Spawn Location: 5:00

VOD

Have the link to the VOD?

Description

Time

  • Played on: June 23, 2018, 3:55 p.m.
  • Length: 15:02
Show
View Real Time Build Order
Export as new Build Order

juhee Terran - Winner!

Build Orders: MMM Bio 

Get SALT Encoding   

  12  0:00  SCV  
  13  0:13  SCV  
  14  0:17  Supply Depot  
  14  0:25  SCV  
  15  0:39  SCV  
  15  0:40  Barracks  
  16  0:51  SCV  
  17  1:03  SCV  
  18  1:16  Command Center  
  18  1:19  SCV  
  19  1:29  Supply Depot  
  19  1:31  SCV  
  19  1:32  Marine  
  21  1:43  SCV  
  21  1:46  Barracks  
  22  1:51  Marine  
  23  1:55  SCV  
  24  2:02  Barracks  
  24  2:08  SCV  
  25  2:09  Marine  
  26  2:20  SCV  
  26  2:22  Barracks  
  27  2:27  Marine  
  28  2:31  SCV  
  28  2:32  SCV  
  30  2:42  Marine  
  30  2:43  SCV  
  32  2:45  Supply Depot  
  32  2:47  Marine, SCV  
  32  2:50  Marine  
  35  2:57  SCV  
  36  3:00  Marine  
  36  3:02  Barracks  
  36  3:03  SCV  
  36  3:05  Marine  
  39  3:08  Marine  
  39  3:09  SCV  
  39  3:10  Marine  
  42  3:18  SCV  
  42  3:19  Marine  
  43  3:21  Supply Depot  
  43  3:23  Marine  
  43  3:24  SCV  
  43  3:26  Marine  
  47  3:30  Marine, SCV  
  49  3:36  Refinery  
  49  3:37  Marine  
  49  3:39  Refinery, SCV  
  49  3:40  Marine  
  52  3:45  Marine  
  52  3:46  SCV  
  52  3:48  Marine  
  55  3:51  Marine  
  55  3:53  SCV  
  55  3:55  Marine  
  58  4:05  Marine x2  
  58  4:06  Marine, SCV  
  57  4:19  Marine  
  57  4:20  Marine  
  57  4:22  SCV x2  
  60  4:25  Marine x2  
  60  4:31  Engineering Bay  
  58  4:32  Engineering Bay  
  58  4:34  Marine, SCV  
  58  4:35  Barracks  
  58  4:37  Barracks  
  60  4:39  Supply Depot  
  60  4:42  Marine  
  50  4:53  Marine x3  
  50  4:58  Barracks Tech Lab  
  52  5:00  SCV  
  52  5:01  SCV  
  52  5:03  Barracks Tech Lab, Supply Depot  
  54  5:11  Marine  
  54  5:13  Terran Infantry Weapons Level 1, SCV x2  
  54  5:14  Terran Infantry Armor Level 1  
  56  5:25  SCV  
  57  5:34  Marine  
  57  5:35  Marine  
  59  5:39  Stimpack  
  59  5:42  Combat Shields  
  59  5:43  Command Center  
  59  5:45  SCV  
  59  5:59  Marine  
  59  6:00  Marine  
  59  6:02  Marine x3  
  51  6:05  Marine x2  
  51  6:06  SCV  
  52  6:14  Factory  
  52  6:17  Orbital Command, Marine x2  
  54  6:19  Orbital Command  
  54  6:20  Marine x2  
  54  6:22  Marine  
  54  6:24  Marine  
  54  6:25  Marine  
  59  6:35  Marine x2  
  59  6:38  Marine  
  62  6:48  SCV  
  62  6:52  Marine x2  
  62  6:53  Marine x4  
  55  6:55  Marine  
  55  6:56  SCV  
  55  7:00  Armory, SCV  
  59  7:04  Planetary Fortress  
  58  7:10  Marine x2  
  58  7:11  Marine x2  
  58  7:12  Barracks  
  58  7:14  Marine  
  58  7:15  SCV  
  64  7:18  SCV  
  64  7:22  Marine x2  
  66  7:27  SCV  
  66  7:28  Marine  
  66  7:29  Marine  
  70  7:30  SCV  
  70  7:40  Marine x2  
  64  7:46  Marine x2  
  64  7:49  SCV x3  
  66  7:54  Terran Infantry Weapons Level 2, Terran Infantry Armor Level 2  
  66  7:56  Marine  
  67  8:01  SCV x2  
  67  8:02  SCV  
  70  8:13  Command Center, SCV  
  70  8:15  SCV x2  
  70  8:17  Marine  
  74  8:33  Marine x2  
  74  8:34  Marine x2  
  65  8:35  Marine x2  
  65  8:36  Marine  
  65  8:37  Marine  
  65  8:40  SCV  
  65  8:41  SCV  
  70  8:42  SCV  
  71  8:51  Marine x3  
  71  8:52  Barracks  
  71  8:53  Barracks, SCV  
  71  8:55  Barracks, Marine x2, SCV x2  
  77  8:56  Marine  
  77  8:57  Marine  
  77  9:02  Marine  
  82  9:04  Supply Depot  
  82  9:05  SCV  
  82  9:07  Supply Depot, SCV  
  84  9:10  Supply Depot, Marine  
  84  9:11  Marine  
  84  9:12  Marine  
  84  9:14  SCV  
  88  9:17  SCV  
  88  9:20  Marine x3, SCV  
  93  9:24  Marine x2  
  93  9:25  SCV  
  93  9:27  Marine, SCV  
  93  9:28  Marine  
  88  9:39  Marine x2  
  88  9:40  Marine x4  
  88  9:42  Marine x2  
  88  9:43  Marine, SCV  
  93  9:45  Marine  
  93  9:46  Marine  
  93  9:51  Planetary Fortress  
  93  9:52  SCV x2  
  97  9:55  SCV  
  97  9:57  Marine x4  
  97  9:58  Marine x2  
  104  10:00  Marine x2  
  106  10:08  Supply Depot  
  106  10:10  Marine  
  106  10:13  Barracks  
  107  10:14  Barracks  
  107  10:15  Marine  
  107  10:16  Marine  
  109  10:26  Marine  
  109  10:27  Marine  
  108  10:32  Marine x2  
  104  10:43  Marine x2  
  104  10:45  Marine  
  103  10:50  Marine x2  
  103  10:51  Terran Infantry Armor Level 3, Terran Infantry Weapons Level 3  
  103  10:52  Marine x3  
  103  10:53  SCV x2  
  96  10:59  Marine x3  
  96  11:00  Marine  
  100  11:05  Supply Depot  
  100  11:06  Supply Depot  
  100  11:07  Marine x4  
  100  11:08  Command Center, Marine x2  
  100  11:09  Marine  
  107  11:12  Command Center  
  107  11:13  Marine, Barracks  
  107  11:14  Marine  
  107  11:16  Barracks  
  107  11:17  Marine x4  
  113  11:28  Marine x4  
  110  11:38  Marine x3  
  110  11:39  Marine x6  
  109  11:43  SCV  
  109  11:45  Marine x2  
  109  11:46  Marine x2  
  114  11:54  Barracks x3  
  114  11:56  Marine x5  
  114  11:57  Marine x4  
  114  11:58  SCV x2  
  125  12:03  Marine x2  
  125  12:04  Marine x2  
  125  12:06  Marine  
  125  12:07  Marine  
  121  12:14  Marine x6, SCV x2  
  121  12:15  Marine x3, SCV  
  127  12:19  Supply Depot  
  127  12:21  Supply Depot, Marine x3  
  130  12:25  Marine x3  
  133  12:31  Marine  
  133  12:32  Marine x3  
  133  12:33  Marine x3  
  133  12:34  Marine  
  138  12:41  Marine x6  
  135  12:48  Marine x3  
  138  12:53  Marine x7  
  138  12:54  Marine x2  
  138  12:56  Planetary Fortress  
  132  12:58  Marine  
  132  12:59  Barracks, Marine x4  
  132  13:02  Barracks, Marine  
  138  13:06  Marine x3  
  138  13:10  Planetary Fortress, Marine x2  
  138  13:11  Marine x3  
  146  13:17  Marine x2, SCV x4  
  146  13:18  Marine x2  
  146  13:19  Marine x3  
  157  13:20  Marine  
  157  13:26  Marine x2  
  156  13:29  SCV  
  156  13:33  Marine  
  156  13:34  Marine  
  140  13:36  Marine x4  
  140  13:37  Marine  
  140  13:38  Marine x8  
  140  13:39  Marine  
  153  13:41  SCV  
  153  13:43  Marine  
  153  13:44  Marine  
  153  13:48  Marine x2  
  135  13:51  Marine x2  
  135  13:54  Marine x2  
  135  13:55  Marine x4  
  140  13:56  Marine x4  
  140  13:57  Marine x3  
  140  14:01  Barracks  
  148  14:04  Marine, Barracks  
  148  14:05  Marine x2  
  148  14:06  Marine x2  
  148  14:09  Marine x2  
  153  14:16  Command Center  
  154  14:24  Marine x4  
  154  14:25  Marine x10  
  154  14:26  Marine x4  
  154  14:27  Marine x2  
  146  14:42  Marine x5  
  146  14:43  Marine x10  
  146  14:44  Marine  
Show
View Real Time Build Order
Export as new Build Order

Ragnarokette Zerg 

Build Orders: Hatch First 

Get SALT Encoding   

  12  0:01  Drone  
  13  0:13  Overlord  
  13  0:19  Drone  
  14  0:31  Drone x2  
  14  0:35  Drone  
  17  0:55  Hatchery  
  17  0:56  Drone  
  17  0:59  Drone  
  17  1:04  Extractor  
  17  1:15  Spawning Pool  
  17  1:18  Drone  
  17  1:21  Drone  
  18  1:32  Drone  
  19  1:44  Overlord  
  19  1:50  Drone  
  20  2:02  Queen  
  20  2:05  Zergling x2  
  23  2:09  Queen  
  23  2:11  Metabolic Boost  
  23  2:12  Zergling x2  
  23  2:13  Zergling x2  
  27  2:29  Drone  
  29  2:30  Drone x2  
  29  2:34  Overlord  
  30  2:52  Drone x2  
  30  2:53  Drone  
  33  2:58  Hatchery  
  33  3:03  Drone x2  
  33  3:04  Baneling Nest  
  33  3:11  Queen  
  35  3:19  Drone  
  36  3:20  Overlord  
  36  3:25  Overlord  
  36  3:36  Overlord  
  36  3:39  Drone x6  
  42  3:46  Zergling x4  
  42  3:47  Drone  
  40  4:08  Zergling x12  
  39  4:19  Zergling x2  
  39  4:20  Zergling x8  
  42  4:29  Baneling x3  
  42  4:31  Drone x3  
  42  4:35  Queen  
  42  4:36  Queen  
  40  4:53  Zergling x2  
  40  4:54  Zergling x12  
  47  5:01  Zergling x2  
  47  5:02  Zergling x2  
  47  5:05  Drone x2  
  51  5:12  Drone x2  
  51  5:13  Drone x2  
  55  5:16  Queen  
  53  5:22  Zergling x4  
  53  5:25  Baneling  
  53  5:26  Baneling  
  55  5:32  Zergling x4, Drone, Extractor  
  57  5:36  Queen  
  59  5:46  Baneling  
  59  5:51  Queen  
  56  6:09  Drone x5  
  56  6:10  Overlord x3, Drone x4  
  65  6:24  Baneling x2  
  65  6:25  Baneling x2  
  64  6:38  Extractor  
  63  6:46  Evolution Chamber  
  62  6:49  Evolution Chamber  
  62  6:50  Zergling x18  
  62  6:51  Zergling x6  
  64  6:56  Zergling x2  
  64  7:00  Queen  
  67  7:03  Drone x2  
  67  7:04  Overlord  
  67  7:05  Zergling x2  
  67  7:07  Lair  
  70  7:17  Baneling  
  70  7:18  Baneling x7  
  70  7:21  Zergling x14  
  77  7:30  Hatchery  
  67  7:46  Drone  
  67  7:47  Drone x10  
  76  7:58  Zergling x6  
  79  8:03  Zerg Melee Weapons Level 1  
  79  8:04  Zerg Ground Armor Level 1  
  79  8:11  Hydralisk Den  
  79  8:12  Extractor  
  77  8:18  Drone x9  
  76  8:35  Zergling x2  
  76  8:36  Zergling x14  
  84  8:51  Hydralisk  
  84  8:53  Grooved Spines, Hydralisk  
  84  8:54  Hydralisk x4  
  84  8:55  Overlord x2  
  96  8:56  Overlord x2  
  96  9:00  Baneling  
  96  9:01  Baneling x3  
  96  9:04  Overlord, Extractor  
  96  9:05  Overlord x3  
  96  9:06  Queen, Extractor  
  91  9:39  Hatchery  
  91  9:44  Hydralisk  
  92  9:45  Drone  
  92  9:46  Hydralisk x4, Drone x2  
  92  9:51  Queen  
  104  10:10  Hydralisk x10  
  104  10:11  Overlord  
  124  10:14  Centrifical Hooks  
  110  10:31  Zergling x16  
  110  10:32  Zergling x6  
  67  10:52  Drone x15  
  67  10:55  Zerg Melee Weapons Level 2  
  67  10:56  Zerg Ground Armor Level 2  
  80  10:59  Baneling  
  80  11:00  Baneling x7  
  80  11:02  Queen, Drone x3  
  85  11:11  Drone x4  
  86  11:12  Drone  
  86  11:16  Muscular Augments  
  86  11:35  Hydralisk  
  86  11:36  Hydralisk x5  
  94  11:40  Baneling x2, Hydralisk  
  94  11:44  Zergling x2  
  94  11:45  Zergling x4  
  94  11:46  Zergling x2  
  100  11:49  Drone  
  100  11:50  Drone x2  
  103  11:57  Hydralisk x3  
  103  11:59  Zergling x2  
  97  12:11  Hydralisk  
  97  12:12  Zergling x6  
  97  12:13  Zergling x8  
  97  12:14  Zergling x2  
  105  12:24  Baneling x2  
  105  12:25  Baneling x4  
  105  12:27  Hydralisk  
  105  12:28  Hydralisk, Zergling x6  
  105  12:29  Zergling x4  
  105  12:48  Zergling x10  
  105  12:49  Zergling x22  
  104  12:59  Baneling x10  
  104  13:00  Zergling x6  
  107  13:06  Queen  
  107  13:12  Baneling x4  
  109  13:13  Baneling x3  
  106  13:29  Hydralisk  
  106  13:30  Hydralisk x6  
  106  13:31  Zergling x2  
  103  13:50  Hydralisk  
  103  13:51  Zergling x18  
  107  14:21  Baneling  
  107  14:22  Baneling x5  
  86  14:29  Hatchery  
  57  15:00  Hatchery  
Tags
 
Composition
MMM Bio
Matchup
TvZ
Spawn Locations
Cross Positions
Add a new tag
Caveats
  • Supply blocks, unpowered buildings, or Contaminate may cause inaccurate times.
  • Supply counts are checked every 10 seconds.